 Dungeon Crawl Stone Soup version 0.31-a0-799-g6bc09d010c (webtiles) character file.

Game seed: 6539665476721969719

186 Joey1 the Trooper (level 5, 0/47 HPs)
             Began as a Minotaur Fighter on Sept 19, 2023.
             Slain by an orc warrior
             ... wielding a +2 war axe of venom
              (12 damage)
             ... on level 2 of the Dungeon.
             The game lasted 00:03:44 (2036 turns).

Joey1 the Trooper (Minotaur Fighter)                Turns: 2036, Time: 00:03:44

Health: 0/47       AC:  9    Str: 22    XL:     5   Next: 38%
Magic:  4/4        EV: 10    Int:  5    God:
Gold:   74         SH:  4    Dex: 10    Spells: 4/4 levels left

rFire   + . .        a - +0 war axe
rCold   . . .        c - +0 buckler
rNeg    . . .        f - +3 scale mail {rF+}
rPois   .            (helmet restricted)
rElec   .            (no cloak)
rCorr   .            (no gloves)
SInv    .            (no boots)
Will    .....        (no amulet) Stlth
                     (no ring)
HPRegen 0.27/turn    (no ring)
MPRegen 0.09/turn

%: no passive effects
@: lethally poisoned (0 -> -12)
A: horns 2, retaliatory headbutt
a: no special abilities


You were on level 2 of the Dungeon.
You visited 1 branch of the dungeon, and saw 3 of its levels.

You collected 74 gold pieces.

Inventory:

Hand Weapons
 a - a +0 war axe (weapon)
Armour
 b - a +0 scale mail
 c - a +0 buckler (worn)
 f - a +3 scale mail of fire resistance (worn)
Scrolls
 e - a scroll of enchant armour {unknown}
 g - a scroll of immolation {unknown}
 i - 3 scrolls of identify {unknown}
Potions
 d - a potion of might
 h - a potion of enlightenment {unknown}


   Skills:
 + Level 4.8 Fighting
 + Level 4.0 Axes
 - Level 3.6 Armour
 + Level 2.5 Dodging
 + Level 4.8 Shields


You had 4 spell levels left.
You didn't know any spells.
Your spell library contained the following spells:

 Spells                   Type           Power      Damage    Failure   Level
 Blink                    Tloc           0%         N/A       94%         2
 Cigotuvi's Dreadful Rot  Necr/Pois/Air  0%         N/A       94%         2
 Lesser Beckoning         Tloc           0%         N/A       94%         2
 Momentum Strike          Conj/Tloc      0%         3d8       94%         2
 Static Discharge         Conj/Air       0%         2-2/arc   94%         2
 Dazzling Flash           Conj/Hex       0%         N/A       99%         3
 Ignite Poison            Fire/Tmut/Pois 0%         N/A       99%         3
 Airstrike                Air            0%         2d(0-16)  100%        4
 Summon Lightning Spire   Summ/Air       0%         N/A       100%        4
 Vhi's Electric Charge    Tloc/Air       0%         N/A       100%        4
 Agony                    Necr           0%         N/A       100%        5
 Arcjolt                  Conj/Air       0%         1d10      100%        5
 Freezing Cloud           Conj/Ice/Air   0%         6-21      100%        5
 Silence                  Hex/Air        0%         N/A       100%        5
 Maxwell's Capacitive Co  Air            0%         ∞         100%        8


Dungeon Overview and Level Annotations

Branches:
Dungeon (3/15)

Altars:


Innate Abilities, Weirdness & Mutations

You have a pair of horns on your head.
You reflexively headbutt those who attack you in melee.


Message History

The orc warrior shoots an arrow.
The arrow hits you!
The orc warrior shoots an arrow.
The arrow hits you!
The orc warrior shoots an arrow.
The arrow hits you but does no damage.
The orc warrior shoots an arrow.
The arrow hits you.
You climb upwards.
There is a stone staircase leading down here.
You closely miss the orc. You block the orc's attack.
You slash the orc!
You kill the orc!
No target in view!
No target in view!
You start resting.
HP restored.
You climb downwards.
The orc warrior shoots an arrow.
The arrow barely misses you.
There is a stone staircase leading up here.
The orc warrior unwields a +0 orcbow.
The orc warrior wields a +2 war axe of venom.
It begins to drip with poison!
The orc warrior barely misses you. You furiously retaliate!
You headbutt the orc warrior.
You climb upwards.
There is a stone staircase leading down here.
You hit the orc warrior.
The orc warrior is lightly wounded.
The orc warrior hits you with a +2 war axe of venom. x2
You slash the orc warrior!
You headbutt the orc warrior, but do no damage.
The orc warrior is heavily wounded.
The orc warrior hits you with a +2 war axe of venom!
You hit the orc warrior but do no damage.
Your headbutt misses the orc warrior.
The orc warrior is heavily wounded.
The orc warrior hits you with a +2 war axe of venom!
You are lethally poisoned!
You hit the orc warrior but do no damage.
The orc warrior is heavily wounded.
* * * LOW HITPOINT WARNING * * *
You feel very sick.
The orc warrior hits you with a +2 war axe of venom!
You die...

.#..##..#..#.#.#............###
.+.....................#.##.#
.########..#.#.#.........##.#
.# ###...................#
.######......#.........####.##
.....#........#..............#
.....#..##.#...........#######
.....#..##....#[)......#
#....#..##.#...o@..##..#
.....+.....#.....[###..#
.....##.##.#..#........#
.####.........###.####.# .#
###....#..###.# #.# .#
#..........<# #.# .#
#.......###.# #.# .# #)##....#
#.# #.# .######.##....###.# #.#


You could see an orc warrior.

Vanquished Creatures
  An orc priest (D:2)
  Terence (D:2)
  Natasha (thrice) (D:2)
  An adder (D:2)
  2 worms (D:2)
  2 orcs (D:2)
  4 ball pythons
  2 endoplasms (D:2)
  4 goblins
  4 hobgoblins
  2 quokkas (D:2)
  5 bats
  2 frilled lizards (D:2)
  7 kobolds
  3 rats
43 creatures vanquished.

Notes
Turn   | Place    | Note
-------+----------+-------------------------------------------
     0 | D:1      | Joey1 the Minotaur Fighter began the quest for the Orb.
     0 | D:1      | Reached XP level 1. HP: 19/19 MP: 0/0
   316 | D:1      | Reached XP level 2. HP: 27/27 MP: 1/1
   479 | D:1      | Found a faded altar of an unknown god.
   845 | D:2      | Reached skill level 1 in Dodging
   923 | D:2      | Noticed Terence
   934 | D:2      | Killed Terence
   935 | D:2      | Reached XP level 3. HP: 3/33 MP: 2/2
  1123 | D:2      | Noticed Natasha
  1125 | D:2      | Killed Natasha
  1126 | D:2      | Reached XP level 4. HP: 41/41 MP: 3/3
  1308 | D:2      | Noticed Natasha
  1313 | D:2      | Killed Natasha
  1409 | D:2      | Noticed Natasha
  1413 | D:2      | Killed Natasha
  1414 | D:2      | Reached XP level 5. HP: 39/47 MP: 4/4
  1878 | D:3      | Noticed an orc warrior
  2036 | D:2      | Slain by an orc warrior

Illustrated notes

Levels and vault maps discovered:
D:1:      dpeg_arrival_arbitrary_a, layout_basic,
          shapermc_ecumenical_altar_acropolis
D:2:      minmay_recursive_quarters, layout_basic, uniq_terence, uniq_natasha
D:3:      layout_rooms, hangedman_feature_mirror, uniq_ijyb, uniq_grinder

Skill      XL: |  1  2  3  4  5 |
---------------+----------------+-----
Dodging        | 1 2 |  2.5
Fighting       | 4 |  4.8
Shields        | 4 |  4.8
Axes           | 3 4 |  4.0
Armour         | |  3.6

Action                     |  1- 3 |  4- 6 || total
---------------------------+-------+-------++-------
  Melee: War axe           |    53 |    38 ||    91
         Headbutt          |     5 |     6 ||    11
    Use: Potion            |     1 |       ||     1
 Armour: Scale mail        |    45 |    35 ||    80
  Dodge: Dodged            |    18 |    19 ||    37
  Block: Buckler           |    12 |     4 ||    16

Table legend: (Time is in decaauts)
 A = Elapsed time spent in this place.
 B = Non-inter-level travel time spent in this place.
 C = Inter-level travel time spent in this place.
 D = Time resting spent in this place.
 E = Time spent auto-exploring this place.
 F = Levels seen in this place.
 G = Mean time per level.
                   A        B        C        D        E       F      G
               +--------+--------+--------+--------+--------+-----+--------+
         Total |   2074 |   1982 |     92 |    228 |   1416 |   3 |  691.3 |
       Dungeon |   2074 |   1982 |     92 |    228 |   1416 |   3 |  691.3 |
               +--------+--------+--------+--------+--------+-----+--------+

Top non-repeatable levels by time:
     D:2: 1203 daAuts
     D:1: 844 daAuts
     D:3: 26 daAuts
